 Dungeon Crawl Stone Soup version 0.29-a0-775-g4d7333d4e2 (webtiles) character file.

Game seed: 1313334731775586385

51 ZappyNine the Covered (level 3, 0/30 HPs)
             Began as a Barachi Fighter on July 1, 2022.
             Killed from afar by Natasha (8 damage)
             ... with a magic dart
             ... on level 3 of the Dungeon.
             The game lasted 00:02:02 (1879 turns).

ZappyNine the Covered (Barachi Fighter)             Turns: 1879, Time: 00:02:02

Health: 0/30       AC:  7    Str: 17    XL:     3   Next: 81%
Magic:  3/3        EV:  9    Int: 10    God:
Gold:   86         SH:  4    Dex: 11    Spells: 1/3 levels left

rFire   . . .      SeeInvis .   a - +0 flail
rCold   . . .      Faith    .   c - +0 buckler
rNeg    . . .      Spirit   .   b - +0 scale mail
rPois   .          Reflect  .   (no helmet)
rElec   .          Harm     .   (no cloak)
rCorr   .          Rampage  .   (no gloves)
Will    .....                   (no boots)
Stlth   ..........              (no amulet)
HPRegen 0.10/turn               (no ring)
MPRegen 0.08/turn               (no ring)

@: mighty, studying Polearms, slow
A: amphibious, slowness 1, strong legs 1, +LOS
a: Hop


You were on level 3 of the Dungeon.
You visited 1 branch of the dungeon, and saw 3 of its levels.

You collected 86 gold pieces.

Inventory:

Hand Weapons
 a - a +0 flail (weapon)
Armour
 b - a +0 scale mail (worn)
 c - a +0 buckler (worn)
Jewellery
 j - a ring of magical power
Scrolls
 f - 2 scrolls of teleportation {unknown}
 g - 3 scrolls of identify {unknown}
 i - a scroll of acquirement {unknown}
 k - a scroll of noise {unknown}
 m - a scroll of immolation {unknown}
Potions
 e - 2 potions of curing {unknown}
 h - a potion of heal wounds {unknown}
 l - a potion of ambrosia {unknown}


   Skills:
 - Level 4.2 Fighting
 - Level 2.9 Maces & Flails
 + Level 1.0 Polearms
 + Level 4.3 Armour
 - Level 3.2 Shields
 + Level 0.6 Spellcasting


You had one spell level left.
You knew the following spells:

 Your Spells              Type           Power      Damage    Failure   Level
a - Blink                 Tloc           0%         N/A       93%         2

Your spell library contained the following spells:

 Spells                   Type           Power      Damage    Failure   Level
 Manifold Assault         Tloc           0%         N/A       100%        5
 Storm Form               Tmut/Air       0%         N/A       100%        7


Dungeon Overview and Level Annotations

Branches:
Dungeon (3/15)

Altars:

Annotations:
D:3 Natasha


Innate Abilities, Weirdness & Mutations

You are amphibious.
You cover ground slowly.
You can hop short distances.
You have an extended range of vision and can be seen from far away.


Message History

The kobold shouts!
You hear an angry hiss.
The hobgoblin hits you.
You sock the hobgoblin!
You kill the hobgoblin!
The kobold throws a stone.
The stone hits you.
Natasha, Servant of Life and Death comes into view.
An endoplasm comes into view.
The endoplasm quivers.
The kobold throws a stone.
The stone closely misses you.
Found 4 stones.
Natasha claws you.
You barely miss Natasha. The kobold hits you with a +0 dagger.
Natasha stares at you and mumbles some strange words.
The magic dart hits you. The kobold hits you but does no damage.
You barely miss Natasha. You block Natasha's attack.
The kobold hits you with a +0 dagger.
You closely miss Natasha. Natasha claws you! You block the kobold's attack.
Natasha claws you.
You are too injured to fight recklessly!
You are too injured to fight recklessly!
You are too injured to fight recklessly!
You are too injured to fight recklessly!
You are too injured to fight recklessly!
You are too injured to fight recklessly!
You are too injured to fight recklessly!
You are too injured to fight recklessly!
You are too injured to fight recklessly!
There are monsters nearby!
You feel very mighty all of a sudden. The kobold closely misses you.
Natasha claws you but does no damage.
Unknown command.
You closely miss Natasha. The kobold hits you with a +0 dagger.
* * * LOW HITPOINT WARNING * * *
You block Natasha's attack. The kobold barely misses you.
You thump Natasha!
Natasha is heavily wounded.
Natasha howls an incantation.
Natasha's front paws start to glow.
Natasha stares at you and mumbles some strange words.
The magic dart hits you!
You die...

..#. ...## ..... ...#
...## #...#####.# .
#.......... #.
##.#K...#### #.#
#!.@hJ.....# ...#
#..##..#+#(#
#.####..##..+ ######
#.......#..##+#
......###.............$
...................####
......#.........####
........#.)...#.#
#....†..##.#.#


You could see Natasha, an endoplasm and a kobold.

Vanquished Creatures
  An adder (D:2)
  A worm (D:3)
  A dart slug (D:3)
  An orc (D:2)
  2 ball pythons
  3 endoplasms
  A giant cockroach (D:1)
  3 hobgoblins
  2 quokkas (D:2)
  3 bats (D:1)
  3 frilled lizards
  5 goblins
  2 kobolds
  8 rats
36 creatures vanquished.

Notes
Turn   | Place    | Note
-------+----------+-------------------------------------------
     0 | D:1      | ZappyNine the Barachi Fighter began the quest for the Orb.
     0 | D:1      | Reached XP level 1. HP: 18/18 MP: 1/1
   410 | D:1      | Reached XP level 2. HP: 17/25 MP: 2/2
  1167 | D:2      | Reached XP level 3. HP: 11/30 MP: 3/3
  1364 | D:2      | Learned a level 2 spell: Blink
  1801 | D:3      | Reached skill level 1 in Polearms
  1871 | D:3      | Noticed Natasha
  1879 | D:3      | Killed from afar by Natasha

Illustrated notes

Levels and vault maps discovered:
D:1:      dpeg_arrival_arbitrary_a, layout_loops_ring
D:2:      layout_basic
D:3:      layout_rooms, hellmonk_ecumenical_altar_run_dry, serial_shops,
          nicolae_shop_behind_doors, nicolae_shop_behind_doors,
          nicolae_diamond_shop, nicolae_shop_hallway_plus, uniq_grinder,
          uniq_sigmund, uniq_natasha, uniq_robin

Skill      XL: |  1  2  3 |
---------------+----------+-----
Fighting       | 4 |  4.2
Armour         | 4 |  4.3
Polearms       | 1 |  1.0
Maces & Flails | |  2.9
Shields        | |  3.2
Spellcasting   | |  0.6

Action                   || total
-------------------------++-------
Melee: Flail             ||    92
  Use: Potion            ||     1
Armor: Scale mail        ||    42
Dodge: Dodged            ||    55
Block: Buckler           ||    29

Table legend: (Time is in decaauts)
 A = Elapsed time spent in this place.
 B = Non-inter-level travel time spent in this place.
 C = Inter-level travel time spent in this place.
 D = Time resting spent in this place.
 E = Time spent auto-exploring this place.
 F = Levels seen in this place.
 G = Mean time per level.
                   A        B        C        D        E       F      G
               +--------+--------+--------+--------+--------+-----+--------+
         Total |   2125 |   2084 |     41 |    290 |   1501 |   3 |  708.3 |
       Dungeon |   2125 |   2084 |     41 |    290 |   1501 |   3 |  708.3 |
               +--------+--------+--------+--------+--------+-----+--------+

Top non-repeatable levels by time:
     D:2: 957 daAuts
     D:1: 910 daAuts
     D:3: 257 daAuts
